 Dungeon Crawl Stone Soup version 0.21.1-1-g345015f (webtiles) character file.

69 Monsterracer the Insei (level 4, -2/30 HPs)
             Began as a Merfolk Venom Mage on Feb 7, 2018.
             Slain by an ogre
             ... wielding a +0 giant spiked club
              (17 damage)
             ... on level 3 of the Dungeon.
             The game lasted 00:03:02 (4217 turns).

Monsterracer the Insei (Merfolk Venom Mage)         Turns: 4217, Time: 00:03:03

Health: -2/30      AC:  3    Str:  8    XL:     4   Next: 20%
Magic:  0/7        EV: 13    Int: 15    God:
Gold:   60         SH:  0    Dex: 14    Spells: 6/7 levels left

rFire    . . .     SeeInvis .     - Unarmed
rCold    . . .     Gourm    .   (no shield)
rNeg     . . .     Faith    .   a - +0 robe
rPois    .         Spirit   .   i - +0 helmet
rElec    .         Reflect  .   (no cloak)
rCorr    .         Harm     .   (no gloves)
MR       .....                  (no boots)
Stlth    +++.......             (no amulet)
HPRegen  0.10/turn              b - ring of stealth (curse)
MPRegen  0.10/turn              (no ring)

@: very slightly contaminated
A: change form in water, swift swim, stealthy swim
a: no special abilities


You were on level 3 of the Dungeon.
You were not hungry.

You visited 1 branch of the dungeon, and saw 3 of its levels.

You collected 60 gold pieces.

Inventory:

Armour
 a - a +0 robe (worn)
 i - a +0 helmet (worn)
Jewellery
 b - a cursed ring of stealth (left hand)
Wands
 j - a wand of enslavement (17)
Scrolls
 d - a scroll of remove curse {unknown}
 h - 2 scrolls of enchant armour {unknown}
 k - a scroll of immolation {unknown}
 l - a scroll of teleportation {unknown}
Potions
 e - a potion of degeneration {unknown}
 f - a potion of curing {unknown}
 g - 2 potions of heal wounds {unknown}
Comestibles
 c - a chunk of flesh


   Skills:
 - Level 2.6 Dodging
 - Level 2.1 Stealth
 + Level 4.1 Unarmed Combat
 - Level 2.0 Spellcasting
 - Level 0.7 Conjurations
 - Level 3.2 Poison Magic


You had 6 spell levels left.
You knew the following spells:

 Your Spells              Type           Power        Failure   Level  Hunger
a - Sting                 Conj/Pois      #...         10%         1    #......


Dungeon Overview and Level Annotations

Branches:
Dungeon (3/15)

Altars:


Message History

The goblin hits you with a dagger.
You take 2 damage, and have 20/30 hp.
You now have 0/7 mp.
You miss the goblin.
The goblin is severely wounded.
The goblin hits you with a dagger.
Your magical contamination has completely faded away.
You take 1 damage, and have 19/30 hp.
You barely miss the goblin.
The goblin is severely wounded.
The goblin closely misses you.
You hit the goblin but do no damage.
The goblin is severely wounded.
The goblin closely misses you.
You hit the goblin but do no damage.
The goblin is severely wounded.
The goblin hits you but does no damage.
You hit the goblin.
You kill the goblin!
You hit the jackal.
You kill the jackal!
Unknown command.
Things that are here:
a dagger; a jackal corpse x2
You see here a jackal corpse.
You butcher the jackal corpse.
c - 2 chunks of flesh (gained 1) Eating one of 2 chunks of flesh.
You eat one of the 2 chunks of flesh.
This raw flesh tastes terrible.
You open the door.
There is an open door here.
l - a scroll labeled YMEIRCH WUDDEGI Health restored: 30; MP restored: 7 An ogre comes into view.
It is wielding a giant spiked club.
An ogre is nearby!
An ogre is nearby!
Found a stone staircase leading up.
The ogre shouts!
You hear an angry hiss.
Casting: Sting
Confirm with . or Enter, or press ? or * to list all spells.
Aiming: Sting
Press: ? - help, Shift-Dir - straight line, f - ogre
Aim: an ogre, wielding a giant spiked club You miscast Sting.
You are very lightly contaminated with residual magic.
You feel odd.
You now have 6/7 mp.
Casting: Sting
Confirm with . or Enter, or press ? or * to list all spells.
Aiming: Sting
Press: ? - help, Shift-Dir - straight line, f/p - ogre
Aim: an ogre, wielding a giant spiked club You miscast Sting.
Nothing appears to happen.
You now have 5/7 mp.
Casting: Sting
Confirm with . or Enter, or press ? or * to list all spells.
Aiming: Sting
Press: ? - help, Shift-Dir - straight line, f/p - ogre
Aim: an ogre, wielding a giant spiked club The sting hits the ogre.
The ogre is poisoned.
The ogre is lightly wounded.
You now have 4/7 mp.
Casting: Sting
Confirm with . or Enter, or press ? or * to list all spells.
Aiming: Sting
Press: ? - help, Shift-Dir - straight line, f/p - ogre
Aim: an ogre, wielding a giant spiked club (lightly wounded, poisoned)
The sting hits the ogre.
The ogre is moderately wounded.
The ogre hits you with a giant spiked club!
Ouch! That really hurt!
* * * LOW HITPOINT WARNING * * *
An adder comes into view.
You take 15 damage, and have 15/30 hp.
MASSIVE DAMAGE!!
You now have 3/7 mp.
Casting: Sting
Confirm with . or Enter, or press ? or * to list all spells.
Aiming: Sting
Press: ? - help, Shift-Dir - straight line, f/p - ogre
Aim: an ogre, wielding a giant spiked club (moderately wounded, poisoned)
You miscast Sting.
Nothing appears to happen.
The adder hisses angrily.
You now have 2/7 mp.
Casting: Sting
Confirm with . or Enter, or press ? or * to list all spells.
Aiming: Sting
Press: ? - help, Shift-Dir - straight line, f/p - ogre
Aim: an ogre, wielding a giant spiked club (moderately wounded, poisoned)
The sting misses the ogre.
The sting hits the adder.
The adder is lightly wounded.
The ogre barely misses you.
You now have 1/7 mp.
Casting: Sting
Confirm with . or Enter, or press ? or * to list all spells.
Aiming: Sting
Press: ? - help, Shift-Dir - straight line, f/p - ogre
Aim: an ogre, wielding a giant spiked club (moderately wounded, poisoned)
The sting hits the ogre.
The ogre looks even sicker.
The ogre is heavily wounded.
The ogre hits you with a giant spiked club!
Ouch! That really hurt!
You die...

<....... #.....
########..####.#
#...............
#.######S.##.#.#.. #.#
##..##.#.#.. #.#
#........#.# # #.#
#.O........#.# #.#
#.@.##..#..#.# #.#
###...##..#.... #.#
#............#
#.###.........#.##(##.
#...'.÷...............#
#####..÷#.##.##.##.#...
#...#..........+
#...#.......##.#
########...#.......# ..


You could see an ogre and an adder.

Vanquished Creatures
  2 adders (D:2)
  A worm (D:3)
  A dart slug (D:1)
  2 leopard geckos
  A ball python (D:2)
  4 bats
  4 giant cockroaches
  5 goblins
  2 hobgoblins
  4 jackals (D:3)
  2 quokkas (D:2)
  4 frilled lizards
  6 kobolds
  4 rats
42 creatures vanquished.

Notes
Turn   | Place    | Note
-------+----------+-------------------------------------------
     0 | D:1      | Monsterracer the Merfolk Venom Mage began the quest for the Orb.
     0 | D:1      | Reached XP level 1. HP: 13/13 MP: 3/3
    73 | D:1      | HP: 5/13 [kobold (2)]
   371 | D:1      | Reached skill level 1 in Unarmed Combat
   440 | D:1      | HP: 6/13 [dart slug/slug dart (2)]
   630 | D:1      | Reached XP level 2. HP: 17/19 MP: 5/5
   723 | D:1      | Reached skill level 2 in Unarmed Combat
  1827 | D:2      | HP: 7/19 [worm (12)]
  1832 | D:2      | HP: 1/19 [worm (6)]
  2568 | D:2      | Reached XP level 3. HP: 22/24 MP: 6/6
  2697 | D:2      | Reached skill level 3 in Unarmed Combat
  2885 | D:2      | HP: 12/24 [adder (4)]
  2891 | D:2      | HP: 7/24 [poisoned by an adder]
  3909 | D:3      | Reached XP level 4. HP: 24/30 MP: 0/7
  4062 | D:3      | Reached skill level 4 in Unarmed Combat
  4205 | D:3      | Noticed an ogre
  4214 | D:3      | HP: 15/30 [ogre/giant spiked club (15)]
  4217 | D:3      | Slain by an ogre

Skill      XL: |  1  2  3  4 |
---------------+-------------+-----
Unarmed Combat | 1 2 3 4 |  4.1
Dodging        | |  2.6
Stealth        | |  2.1
Spellcasting   | |  2.0
Conjurations   | |  0.7
Poison Magic   | |  3.2

Action                   |  1- 3 |  4- 6 || total
-------------------------+-------+-------++-------
Melee: Unarmed           |   126 |    44 ||   170
 Cast: Sting             |    29 |    12 ||    41
 Stab: Sleeping          |     9 |     2 ||    11
       Distracted        |     1 |       ||     1
  Eat: Chunk             |     3 |     1 ||     4
       Ration            |     2 |       ||     2
Armor: Robe              |    19 |    13 ||    32
Dodge: Dodged            |    80 |    53 ||   133

Vault maps used:
D:1:      kennysheep_arrival_seaside, serial_bayou_lake_a
D:3:      kennysheep_goblin_castle, first_ration, trog_eyes_of_draining,
          uniq_robin
